 Dungeon Crawl Stone Soup version 0.23.2-33-g5129a83184 (webtiles) character file.

Game seed: 7498510267759243360

262 DorianNounverber the Digger (level 6, -2/35 HPs)
             Began as a Gargoyle Earth Elementalist on July 13, 2019.
             Was an Initiate of Vehumet.
             Slain by a slave (3 damage)
             ... led by Pikel
             ... on level 4 of the Dungeon.
             The game lasted 00:10:51 (4182 turns).

DorianNounverber the Digger (GrEE)                  Turns: 4182, Time: 00:10:51

Health: -2/35      AC:  9    Str: 12    XL:     6   Next: 18%
Magic:  1/11       EV: 12    Int: 17    God:    Vehumet [......]
Gold:   126        SH:  3    Dex: 10    Spells: 4/12 levels left

rFire    . . .     SeeInvis .   j - +0 mace
rCold    . . .     Gourm    .   t - +0 buckler
rNeg     + + .     Faith    .   c - +0 robe
rPois    ∞         Spirit   .   (no helmet)
rElec    +         Reflect  .   (no cloak)
rCorr    .         Harm     .   r - +0 pair of gloves
MR       .....                  e - +1 pair of boots
Stlth    ++........             (no amulet)
HPRegen  0.11/turn              n - ring of positive energy
MPRegen  0.12/turn              (no ring)

@: very slightly contaminated
A: negative energy resistance 1, electricity resistance, unbreathing,
petrification resistance, rot immunity, AC +4
a: Renounce Religion


You were on level 4 of the Dungeon.
You worshipped Vehumet.
Vehumet was noncommittal.
You were hungry.

You visited 1 branch of the dungeon, and saw 4 of its levels.

You collected 126 gold pieces.

Inventory:

Hand Weapons
 j - a +0 mace (weapon)
Missiles
 b - 108 stones (quivered)
Armour
 c - a +0 robe (worn)
 e - a +1 pair of boots (worn)
 r - a +0 pair of gloves (worn)
 t - a +0 buckler (worn)
 u - +0 ice dragon scales
Jewellery
 n - a ring of positive energy (left hand)
 v - a cursed ring of protection from magic
Wands
 w - a wand of random effects (19)
 x - a wand of paralysis (9)
Scrolls
 a - a scroll of enchant armour {unknown}
 i - a scroll of teleportation {unknown}
 o - a scroll of remove curse {unknown}
 q - a scroll of random uselessness {unknown}
 s - 2 scrolls of identify {unknown}
 y - a scroll of amnesia {unknown}
Potions
 f - a potion of curing {unknown}
 g - 2 potions of might {unknown}
 h - a potion of degeneration {unknown}
 k - a potion of lignification {unknown}
 l - 2 potions of heal wounds {unknown}
 m - 2 potions of agility {unknown}
 p - a potion of flight {unknown}
Comestibles
 d - 2 rations


   Skills:
 + Level 1.9 Fighting
 + Level 0.4 Maces & Flails
 + Level 2.5 Dodging
 - Level 2.2 Stealth
 + Level 1.0 Shields
 * Level 3.5 Spellcasting
 - Level 0.7 Transmutations
 * Level 5.5 Earth Magic


You had 4 spell levels left.
You knew the following spells:

 Your Spells              Type           Power        Failure   Level  Hunger
a - Sandblast             Erth           ###...       2%          1    None
b - Stone Arrow           Conj/Erth      ##....       24%         3    ###....
c - Petrify               Tmut/Erth      ##......     54%         4    ####...

Your spell library contained the following spells:

 Spells                   Type           Power        Failure   Level  Hunger
 Passwall                 Tmut/Erth      ##......     10%         2    ##.....
 Lee's Rapid Deconstruct  Erth           ###.......   56%         5    ######.


Dungeon Overview and Level Annotations

Branches:
Dungeon (4/15)
 Temple: D:4-7

Altars:
Cheibriados
Makhleb
Sif Muna
Vehumet
Wu Jian
The Shining One

Annotations:
D:4 Pikel


Innate Abilities, Weirdness & Mutations

You are resistant to torment.
Your stone body is resilient. (AC +4)
You are immune to poison.
You resist negative energy. (rN+)
You are resistant to electric shocks. (rElec)
You can survive without breathing.
You are immune to petrification.
You are immune to rotting.


Message History

* * * LOW HITPOINT WARNING * * *
You hit Pikel.
Pikel is severely wounded.
You block the slave's attack. The slave hits you but does no damage.
The slave barely misses you. The slave hits you.
* * * LOW HITPOINT WARNING * * *
Pikel cracks his whip.
Pikel closely misses you.
The slave hits you but does no damage. x2
You hit Pikel but do no damage.
Pikel is severely wounded.
The slave hits you but does no damage. The slave hits you.
* * * LOW HITPOINT WARNING * * *
Pikel hits you but does no damage. The slave closely misses you. x3
The slave misses you. Pikel closely misses you.
Unknown command.
You hit Pikel but do no damage.
Pikel is severely wounded.
The slave misses you. The slave barely misses you.
You block the slave's attack. The slave hits you.
You die...

...####... ......#....
......... ......#....
........ ......###+#
......#####...... #
#.............###### ####
#...................
.....#...................
.......pKp...............
.......p@p.........######
..........###.....##
S....#....# #.###.#
.....#....# #.# # ..o.
###### #.# ... #.# ######
... #.#### #..... #....#
#.###. ####.# #.# #.


You could see Pikel and 4 slaves.

Vanquished Creatures
  A bullfrog (D:2)
  Ijyb (D:3)
  A worker ant (D:3)
  Robin (D:2)
  8 adders
  An adder skeleton (D:4)
  A worm (D:3)
  A dart slug (D:2)
  An orc (D:3)
  A giant cockroach (D:3)
  12 goblins
  8 hobgoblins
  3 jackals (D:2)
  4 kobolds
  A quokka (D:3)
  A ball python (D:1)
  6 bats
  7 frilled lizards
  6 rats
65 creatures vanquished.

Notes
Turn   | Place    | Note
-------+----------+-------------------------------------------
     0 | D:1      | DorianNounverber the Gargoyle Earth Elementalist began the
                  | quest for the Orb.
     0 | D:1      | Reached XP level 1. HP: 10/10 MP: 3/3
   130 | D:1      | Reached skill level 4 in Earth Magic
   136 | D:1      | Reached XP level 2. HP: 15/15 MP: 1/5
  1433 | D:2      | Found a glowing golden altar of the Shining One.
  1459 | D:2      | Reached XP level 3. HP: 20/20 MP: 6/6
  1750 | D:2      | Reached skill level 1 in Fighting
  1912 | D:2      | Learned a level 3 spell: Stone Arrow
  1972 | D:2      | Reached XP level 4. HP: 25/25 MP: 4/8
  2129 | D:2      | Noticed a bullfrog
  2142 | D:2      | Killed a bullfrog
  2142 | D:2      | Reached skill level 5 in Earth Magic
  2142 | D:2      | Reached XP level 5. HP: 2/29 MP: 4/9
  2429 | D:2      | Learned a level 4 spell: Petrify
  2436 | D:2      | Noticed Robin
  2451 | D:2      | Killed Robin
  3725 | D:3      | Noticed Ijyb
  3727 | D:3      | Reached XP level 6. HP: 35/35 MP: 7/11
  3737 | D:3      | Killed Ijyb
  3737 | D:3      | Reached skill level 1 in Shields
  3805 | D:3      | Found a radiant altar of Vehumet.
  3809 | D:3      | Became a worshipper of Vehumet
  3911 | D:3      | Found a burning altar of Makhleb.
  3914 | D:3      | Found a deep blue altar of Sif Muna.
  3915 | D:3      | Found an ornate altar of the Wu Jian Council.
  3916 | D:3      | Found a snail-covered altar of Cheibriados.
  4163 | D:4      | Noticed a slave
  4164 | D:4      | Noticed Pikel
  4164 | D:4      | Noticed a slave
  4165 | D:4      | Noticed a slave
  4165 | D:4      | Noticed a slave
  4181 | D:4      | HP: 1/35 [slave[Pikel] (1)]
  4182 | D:4      | Slain by a slave

Skill      XL: |  1  2  3  4  5  6 |
---------------+-------------------+-----
Earth Magic    | 4 5 |  5.5
Fighting       | 1 |  1.9
Dodging        | 2 |  2.5
Spellcasting   | 3 |  3.5
Shields        | 1 |  1.0
Maces & Flails | |  0.4
Stealth        | |  2.2
Transmutations | |  0.7

Action                   |  1- 3 |  4- 6 || total
-------------------------+-------+-------++-------
Melee: Dagger            |    44 |       ||    44
       Mace              |    58 |    82 ||   140
 Cast: Sandblast         |    13 |    47 ||    60
       Stone Arrow       |       |     4 ||     4
 Stab: Sleeping          |     2 |       ||     2
  Eat: Chunk             |     3 |     4 ||     7
       Ration            |       |     1 ||     1
Armor: Robe              |    36 |    56 ||    92
       Ice dragon scales |       |     3 ||     3
       Skin              |       |     1 ||     1
Dodge: Dodged            |    86 |   115 ||   201
Block: Buckler           |       |    19 ||    19
